 Dungeon Crawl Stone Soup version 0.17-a0-288-gaf424a4 (webtiles) character file.

141 Fluffy the Cudgeler (level 5, -1/32 HPs)
             Began as a Gargoyle Fighter on Mar 30, 2015.
             Killed from afar by xeno23's ghost (7 damage)
             ... with a magic dart
             ... in a sewer.
             The game lasted 00:04:07 (1578 turns).

Fluffy the Cudgeler (Gargoyle Fighter)              Turns: 1578, Time: 00:04:07

Health: -1/32      AC: 13    Str: 25    XL:     5   Next: 24%
Magic:  4/4        EV:  5    Int:  8    God:
Gold:   70         SH:  9    Dex: 10    Spells: 0 memorised, 4 levels left

rFire  . . .     SeeInvis .     a - +0 flail
rCold  . . .     Clarity  .     i - +0 chain mail
rNeg   + + .     SustAb   .     c - +0 shield
rPois  ∞         Gourm    .     (no helmet)
rElec  +         Spirit   .     (no cloak)
rCorr  .         Warding  .     (no gloves)
rMut   .         Stasis   .     (no boots)
MR     .....                    (no amulet)
Stlth  ..........               (no ring)
                                b - ring of positive energy

@: mighty, not resistant to hostile enchantments, extremely unstealthy
A: negative energy resistance 1, electricity resistance, unbreathing,
petrification resistance, rot immunity, AC +4
a: no special abilities


You were in a sewer.
You were hungry.

You visited 1 branch of the dungeon, and saw 3 of its levels.
You also visited: Sewer.

You collected 70 gold pieces.

Inventory:

Hand weapons
 a - a +0 flail (weapon)
Armour
 c - a +0 shield (worn)
 i - a +0 chain mail (worn)
Jewellery
 b - a ring of positive energy (left hand)
Potions
 f - a potion of brilliance
 g - 3 potions of heal wounds
 k - a potion of invisibility
Comestibles
 d - 2 bread rations
 l - a meat ration


   Skills:
 - Level 3.2 Fighting
 + Level 5.2 Maces & Flails
 - Level 3.2 Armour
 - Level 3.2 Shields


You had 4 spell levels left.
You didn't know any spells.

Dungeon Overview and Level Annotations

Branches:
Dungeon (3/15)

Altars:
Yredelemnul

Annotations:
Sewer xeno23's ghost, average DrWz


Innate Abilities, Weirdness & Mutations

You are resistant to torment.
You are immune to poison.
Your stone body is very resilient (AC +4).
You resist negative energy.
You are resistant to electric shocks.
You can survive without breathing.
You are immune to petrification.
You are immune to rotting.


Message History

Xeno23's ghost barely misses you. You block the kobold's attack.
You thump the kobold!
You kill the kobold!
You block the jackal's attack. Xeno23's ghost hits you.
The jackal barely misses you. Xeno23's ghost hits you.
* * * LOW HITPOINT WARNING * * *
You sock the jackal!
You kill the jackal!
You barely miss xeno23's ghost. You block xeno23's ghost's attack.
The jackal bites you but does no damage.
You block xeno23's ghost's attack.
You miss the jackal.
The jackal bites you but does no damage.
The jackal closely misses you. You block xeno23's ghost's attack.
You sock xeno23's ghost!
Xeno23's ghost is moderately damaged.
The jackal bites you but does no damage. x2
Xeno23's ghost casts a spell at you. The magic dart hits you!
You die...

≈ .≈ #. #.
####≈####
###.......####
≈≈≈≈≈≈≈≈≈≈≈≈≈
#...hW(.#
#@)### #....#
#.∩∩.# #....#
######


You could see xeno23's ghost and a jackal.

Vanquished Creatures
  3 gnolls (D:3)
  4 adders
  2 giant mites (D:3)
  2 worms
  2 giant geckos
  An ooze (D:2)
  4 bats
  4 giant cockroaches
  6 goblins
  3 hobgoblins
  2 jackals
  5 kobolds
  A quokka (D:3)
  3 giant newts
  6 rats
48 creatures vanquished.

Notes
Turn   | Place    | Note
--------------------------------------------------------------
     0 | D:1      | Fluffy, the Gargoyle Fighter, began the quest for the Orb.
     0 | D:1      | Reached XP level 1. HP: 14/14 MP: 0/0
   110 | D:1      | Reached XP level 2. HP: 19/19 MP: 1/1
   314 | D:1      | Reached XP level 3. HP: 23/23 MP: 2/2
   854 | D:2      | Reached skill level 4 in Maces & Flails
   867 | D:2      | Found a basalt altar of Yredelemnul.
  1000 | D:2      | Reached XP level 4. HP: 28/28 MP: 3/3
  1459 | D:3      | Reached skill level 5 in Maces & Flails
  1459 | D:3      | Reached XP level 5. HP: 21/32 MP: 4/4
  1517 | D:3      | Found a glowing drain.
  1558 | Sewer    | Entered a sewer
  1561 | Sewer    | Noticed xeno23's ghost (average DrWz)
  1578 | Sewer    | Killed from afar by xeno23's ghost

Action                   |  1- 3 |  4- 6 || total
-------------------------+-------+-------++-------
Melee: Flail             |    91 |    98 ||   189
  Use: Scroll            |       |     5 ||     5
       Potion            |       |     1 ||     1
  Eat: Chunk             |       |     2 ||     2
